 Dungeon Crawl Stone Soup version 0.31.0-12-g77e489cdc1 (webtiles) character file.

Game seed: 6260082361043911469

139 Silvore the Covered (level 5, -4/41 HPs)
             Began as a Demonspawn Fighter on Feb 11, 2024.
             Killed by divine providence
             ... invoked by an orc priest
              (13 damage)
             ... on level 3 of the Dungeon.
             The game lasted 00:04:27 (2442 turns).

Silvore the Covered (Demonspawn Fighter)            Turns: 2442, Time: 00:04:27

Health: -4/41      AC: 12    Str: 18    XL:     5   Next: 1%
Magic:  5/5        EV:  5    Int:  9    God:
Gold:   129        SH:  4    Dex: 12    Spells: 4/4 levels left

rFire   . . .        a - +1 long sword
rCold   . . .        c - +0 buckler
rNeg    . . .        l - +0 plate armour
rPois   .            (no helmet)
rElec   .            (no cloak)
rCorr   .            h - +0 pair of gloves
SInv    .            (no boots)
Will    .....        (no amulet) Stlth
                     (no ring)
HPRegen 0.26/turn    (no ring)
MPRegen 0.09/turn

%: no passive effects
@: mighty
A: hooves 1, spiny 1
a: no special abilities


You were on level 3 of the Dungeon.
You visited 1 branch of the dungeon, and saw 3 of its levels.

You collected 129 gold pieces.

Inventory:

Hand Weapons
 a - a +1 long sword (weapon)
Missiles
 j - a throwing net (quivered)
Armour
 b - a +0 scale mail
 c - a +0 buckler (worn)
 h - a +0 pair of gloves (worn)
 i - a +0 chain mail
 l - a +0 plate armour (worn)
Wands
 m - a wand of charming (10)
 q - a wand of roots (4)
Scrolls
 f - a scroll of blinking {unknown}
 n - a scroll of enchant weapon
Potions
 d - 2 potions of might
 e - 2 potions of attraction {unknown}
 g - a potion of resistance {unknown}
 k - 3 potions of cancellation {unknown}
 o - a potion of curing {unknown}
 p - a potion of degeneration {unknown}


   Skills:
 + Level 3.4 Fighting
 + Level 3.2 Long Blades
 + Level 3.6 Armour
 + Level 0.5 Dodging
 + Level 3.0 Shields


You had 4 spell levels left.
You didn't know any spells.
Your spell library contained the following spells:

 Spells                   Type           Power      Damage    Failure   Level
 Shock                    Conj/Air       0%         1d3       100%        1
 Swiftness                Air            0%         N/A       100%        3
 Airstrike                Air            0%         2d(0-16)  100%        4


Dungeon Overview and Level Annotations

Branches:
Dungeon (3/15)

Altars:
Gozag

Shops:
D:3 [

Annotations:
D:3 1 transporter


Innate Abilities, Weirdness & Mutations

You have large cloven feet.
You are partially covered in sharp spines.


Message History

Partly explored, unvisited transporter.
Partly explored, unvisited transporter.
Okay, then.
There is a stone staircase leading down here.
The orc priest shouts!
The shadow imp shouts!
The shadow imp shouts!
The shadow imp puffs mist at you.
The orc priest shouts!
The shadow imp shouts, "Get thee gone, thou hateful spur-galled bootlicker!"
There is a transporter landing site here.
You can't go down here!
The shadow imp lashes its tail.
There is a transporter here.
You enter the transporter and appear at another place.
q - a wand of roots (4)
You feel very mighty all of a sudden.
You open the door.
There is an open door here.
The shadow imp shouts, "Capitulate, thou lumpish unchin-snouted boar-pig!"
Why would you want to do that? Why would you want to do that?
The orc priest casts a cantrip, but nothing happens.
You enter the shallow water.
Moving in this stuff is going to be slow.
The orc priest miscasts a cantrip.
The orc priest mumbles some strange prayers to Beogh against you.
Pain shoots through your body!
The orc priest looks encouraged for a moment.
The shadow imp gestures at you. Pain shoots through your body!
The orc priest looks satisfied for a moment.
The orc priest invokes the aid of Beogh against you.
Beogh smites you!
* * * LOW HITPOINT WARNING * * *
The orc priest miscasts a cantrip.
The shadow imp shouts, "Bolt, thou errant beef-witted guttersnipe!"
You open the door.
The orc priest mumbles some strange prayers to Beogh against you.
Beogh smites you!
You die...

.....######..####.#.....# #
..................########### #
.....###....................# #
.........##.###############.# #
..#....#.##.#8~#...o5o.#P8#.# #
....#.##.##.#P.#≈≈≈≈≈≈≈#.P#.## #
....#.##.#..#$.#..~~~..#..#..####
#>###.#.(..©#©:'..~♣~..'.©#©...##
......#.##..#$.#@.~~~..#..#..#...
#######.###.#P.#≈≈≈≈≈≈≈#.P#.#####
......#.....#8~#5......#P8#.# #
#####.####..###############.# #
######..............|...# #
♣♣.♣#.################## #
####♣.♣.#.# # #..'...♣#.# #
##.##♣.♣.#.# #


You could see 2 orc priests and 2 shadow imps.

Vanquished Creatures
  A bombardier beetle (D:3)
  3 adders
  3 ribbon worms
  2 dart slugs
  7 bats
  8 endoplasms
  5 giant cockroaches
  7 goblins
  6 hobgoblins
  2 jackals (D:3)
  3 quokkas
  5 ball pythons
  3 frilled lizards
  5 kobolds
  8 rats
68 creatures vanquished.

Vanquished Creatures (others)
  A hobgoblin (D:1)
1 creature vanquished.

Grand Total: 69 creatures vanquished

Notes
Turn   | Place    | Note
-------+----------+-------------------------------------------
     0 | D:1      | Silvore the Demonspawn Fighter began the quest for the Orb.
     0 | D:1      | Reached XP level 1. HP: 18/18 MP: 1/1
   161 | D:1      | Discovered your monstrous ancestry.
   161 | D:1      | Gained mutation: You have large cloven feet. [demonic
                  | ancestry]
   161 | D:1      | Reached XP level 2. HP: 12/24 MP: 2/2
   819 | D:1      | Gained mutation: You are partially covered in sharp spines.
                  | [demonic ancestry]
   819 | D:1      | Reached XP level 3. HP: 29/29 MP: 3/3
   932 | D:2      | Identified the +1 leather armour of the Shore {rF- rN+
                  | Regen+ Dex+5}
  1095 | D:2      | Reached XP level 4. HP: 35/35 MP: 4/4
  1458 | D:3      | Found Vywiroimn's Armour Boutique.
  1522 | D:3      | Found an opulent altar of Gozag.
  1940 | D:3      | Reached XP level 5. HP: 40/41 MP: 5/5
  2013 | D:3      | Found a transporter.
  2034 | D:3      | Found a transporter.
  2442 | D:3      | Killed from afar by an orc priest

Illustrated notes

Levels and vault maps discovered:
D:1:      wander_arrival_lonely_grave, layout_loops_ring
D:2:      layout_rooms
D:3:      gammafunk_wand_slinger, layout_basic, grunt_gozag_breadcrumbs,
          serial_shops, shop, chequers_arboretum, due_unseen_surprise

Skill      XL: |  1  2  3  4 |
---------------+-------------+-----
Long Blades    | 2 3 |  3.2
Armour         | 3 |  3.6
Shields        | 3 |  3.0
Fighting       | |  3.4
Dodging        | |  0.5

Action                     |  1- 3 |  4- 6 || total
---------------------------+-------+-------++-------
  Melee: Long sword        |   112 |    44 ||   156
         Kick              |     9 |    10 ||    19
    Use: Scroll            |     2 |     2 ||     4
         Potion            |       |     1 ||     1
 Armour: Scale mail        |    87 |    13 ||   100
         Plate armour      |       |    13 ||    13
         Chain mail        |       |     5 ||     5
  Dodge: Dodged            |    45 |    15 ||    60
  Block: Buckler           |    23 |    12 ||    35
